 Dungeon Crawl Stone Soup version 0.30-b1-2-g02819fbbbe (webtiles) character file.

Game seed: 13944101008341022740

152 Mesmaeker13 the Grave Robber (level 5, -1/38 HPs)
             Began as a Ghoul Necromancer on June 9, 2023.
             Slain by an iguana (9 damage)
             ... on level 3 of the Dungeon.
             The game lasted 00:03:04 (2829 turns).

Mesmaeker13 the Grave Robber (Ghoul Necromancer)    Turns: 2829, Time: 00:03:04

Health: -1/38      AC:  6    Str: 12    XL:     5   Next: 34%
Magic:  0/8        EV: 12    Int: 12    God:
Gold:   212        SH:  0    Dex:  9    Spells: 6/10 levels left

rFire   . . .        (no weapon)
rCold   + . .        (no shield)
rNeg    + + +        a - +0 robe
rPois   ∞            c - +2 helmet
rElec   .            (no cloak)
rCorr   .            (no gloves)
SInv    .            g - +0 pair of boots
Will    .....        (no amulet)
Stlth   ++           (no ring)
HPRegen 0.00/turn    (no ring)
MPRegen 0.11/turn

%: no passive effects
@: inhibited regen
A: claws 1, cold resistance 1, negative energy resistance 3, inhibited
regeneration, torment resistance 2, devour on kill
a: no special abilities


You were on level 3 of the Dungeon.
You visited 1 branch of the dungeon, and saw 3 of its levels.

You collected 212 gold pieces.

Inventory:

Armour
 a - a +0 robe (worn)
 c - a +2 helmet (worn)
 g - a +0 pair of boots (worn)
Scrolls
 d - a scroll of fog {unknown}
 f - 2 scrolls of teleportation
 i - a scroll of noise {unknown}
 j - 2 scrolls of identify {unknown}
 l - a scroll of vulnerability {unknown}
 m - a scroll of poison {unknown}
 n - a scroll of immolation {unknown}
 q - a scroll of amnesia {unknown}
Potions
 b - a potion of magic
 e - a potion of degeneration {unknown}
 k - a potion of brilliance {unknown}
 o - a potion of might {unknown}
 p - 2 potions of haste {unknown}
 r - a potion of attraction {unknown}
 s - a potion of resistance


   Skills:
 + Level 3.1 Dodging
 - Level 2.1 Stealth
 + Level 3.0 Spellcasting
 + Level 4.9 Necromancy


You had 6 spell levels left.
You knew the following spells:

 Your Spells              Type           Power      Damage    Failure   Level
a - Necrotise             Necr           52%        1d6       3%          1
b - Vampiric Draining     Necr           13%        2d6       10%         3

Your spell library contained the following spells:

 Spells                   Type           Power      Damage    Failure   Level
 Animate Dead             Necr           13%        N/A       32%         4
 Lesser Beckoning         Tloc           2%         N/A       36%         2
 Gell's Gravitas          Tloc           1%         N/A       58%         3
 Teleport Other           Tloc           1%         N/A       58%         3
 Agony                    Necr           13%        N/A       65%         5


Dungeon Overview and Level Annotations

Branches:
Dungeon (3/15)

Altars:
Fedhas
Hepliaklqana


Innate Abilities, Weirdness & Mutations

You are immune to poison.
You have sharp fingernails.
Your flesh is cold resistant. (rC+)
You are immune to negative energy. (rN+++)
You do not regenerate when monsters are visible.
You are immune to unholy pain and torment.
You thrive by killing the living.


Message History

The iguana misses you.
You barely miss the iguana.
The iguana is moderately wounded.
The iguana bites you!
You barely miss the iguana.
The iguana is moderately wounded.
The iguana closely misses you.
Casting: Vampiric Draining (dangerous; 10% risk of failure)
Confirm with . or Enter, or press ? or * to list all spells.
Aiming: Vampiric Draining (dangerous; 10% risk of failure)
Press: ? - help, Shift-Dir - straight line, f/p - iguana
Aim: an iguana (moderately wounded)
You draw life force from the iguana!
You feel life coursing into your body. The iguana closely misses you.
Unknown command.
You don't have enough magic to cast this spell.
Unknown command.
Unknown command.
Throw: throwing net
Press: ? - help, Q - select action, (/) - cycle Shift-Dir - straight line, f/p - iguana
Aim: an iguana (severely wounded, 56% to hit)
You throw a throwing net.
The throwing net barely misses the iguana.
The iguana bites you.
You barely miss the iguana.
The iguana is severely wounded.
The iguana bites you.
* * * LOW HITPOINT WARNING * * *
Your magical contamination has completely faded away.
You scratch the iguana but do no damage.
The iguana is severely wounded.
The iguana bites you.
* * * LOW HITPOINT WARNING * * *
You scratch the iguana.
The iguana is severely wounded.
The iguana closely misses you.
You closely miss the iguana.
The iguana is severely wounded.
The iguana bites you!
You die...

#....#..........#..#
#...##..........##..
#...................
#...................
#........####.......
#.......## ##......
##......# #.....#
##.....# #......
#.@....# #......
#..l.....# .......
#..........
#..........
##..##..... ##(.
..... ##. ..... #
....


You could see an iguana.

Vanquished Creatures
  Jessica (D:2)
  Natasha (twice) (D:2)
  2 adders (D:3)
  A worm (D:2)
  A dart slug (D:1)
  6 bats
  7 endoplasms
  5 goblins
  2 hobgoblins
  2 quokkas (D:1)
  5 ball pythons
  5 frilled lizards
  6 kobolds
  2 rats
47 creatures vanquished.

Vanquished Creatures (collateral kills)
  An adder (D:2)
  A rat (D:3)
2 creatures vanquished.

Grand Total: 49 creatures vanquished

Notes
Turn   | Place    | Note
-------+----------+-------------------------------------------
     0 | D:1      | Mesmaeker13 the Ghoul Necromancer began the quest for the
                  | Orb.
     0 | D:1      | Reached XP level 1. HP: 14/14 MP: 2/2
   253 | D:1      | Reached XP level 2. HP: 20/20 MP: 4/4
   732 | D:1      | Reached XP level 3. HP: 26/26 MP: 5/5
   773 | D:1      | You fall into a shaft and drop 1 floor!
  1215 | D:2      | Learned a level 3 spell: Vampiric Draining
  1286 | D:2      | Noticed Jessica
  1303 | D:2      | Killed Jessica
  1304 | D:2      | Reached XP level 4. HP: 31/33 MP: 2/6
  1637 | D:2      | Noticed Natasha
  1653 | D:2      | Killed Natasha
  2029 | D:2      | Noticed Natasha
  2039 | D:2      | Killed Natasha
  2040 | D:2      | Reached XP level 5. HP: 31/38 MP: 2/8
  2258 | D:3      | Found a hazy altar of Hepliaklqana.
  2259 | D:3      | Found a blossoming altar of Fedhas.
  2829 | D:3      | Slain by an iguana

Illustrated notes

Levels and vault maps discovered:
D:1:      dpeg_arrival_solitude, layout_basic
D:2:      layout_loops_ring, hangedman_decor_clover_reticule, uniq_jessica,
          uniq_natasha
D:3:      layout_basic, nicolae_overflow_squiral, minmay_misc_feat_x,
          kennysheep_decorative_pillar

Skill      XL: |  1  2  3  4  5 |
---------------+----------------+-----
Dodging        | 2 3 |  3.1
Spellcasting   | 2 3 |  3.0
Stealth        | |  2.1
Necromancy     | |  4.9

Action                     |  1- 3 |  4- 6 || total
---------------------------+-------+-------++-------
  Melee: Unarmed           |    69 |    55 ||   124
  Throw: Throwing net      |       |     1 ||     1
   Cast: Necrotise         |    15 |    36 ||    51
         Vampiric Draining |       |     2 ||     2
    Use: Scroll            |       |     1 ||     1
   Stab: Sleeping          |     2 |     2 ||     4
 Armour: Robe              |    22 |    18 ||    40
  Dodge: Dodged            |    25 |    30 ||    55
